 Dungeon Crawl Stone Soup version 0.24-a0-487-g57318f2ed0 (webtiles) character file.

Game seed: 13916964571236890135

37535 Elric the Geomancer (level 13, 0/86 HPs)
             Began as a Gargoyle Earth Elementalist on July 9, 2019.
             Was an Elder of Vehumet.
             Slain by a death yak (21 damage)
             ... on level 5 of the Lair of Beasts on July 10, 2019.
             The game lasted 00:46:11 (17668 turns).

Elric the Geomancer (Gargoyle Earth Elementalist)  Turns: 17668, Time: 00:46:11

Health: 0/86       AC: 17    Str: 15    XL:     13   Next: 97%
Magic:  40/43      EV: 12    Int: 20    God:    Vehumet [****..]
Gold:   1321       SH:  0    Dex: 10    Spells: 1/28 levels left

rFire    + + .     SeeInvis +   K - +4 battleaxe (freeze)
rCold    . . .     Gourm    .   (shield currently unavailable)
rNeg     + . .     Faith    .   C - +0 robe of Exclusion {MP+9 Str+4}
rPois    ∞         Spirit   .   f - +2 hat {SInv}
rElec    +         Reflect  .   N - +2 cloak {rF+}
rCorr    .         Harm     .   (no gloves)
MR       .....                  L - +0 pair of boots {Stlth+}
Stlth    +++.......             A - amulet of Oguegozy {RegenMP +Inv Str-2 Slay+6}
HPRegen  0.24/turn              r - ring of magical power
MPRegen  0.53/turn              J - ring of protection from fire

@: no status effects
A: negative energy resistance 1, electricity resistance, unbreathing,
petrification resistance, rot immunity, AC +9
a: Renounce Religion, Evoke Invisibility


You were on level 5 of the Lair of Beasts.
You worshipped Vehumet.
Vehumet was greatly pleased with you.
You were not hungry.

You visited 4 branches of the dungeon, and saw 17 of its levels.
You also visited: Sewer and Volcano.

You collected 1321 gold pieces.

Inventory:

Hand Weapons
 b - a +1 halberd of chopping
 K - a +4 battleaxe of freezing (weapon)
Missiles
 l - 136 stones (quivered)
Armour
 c - a +0 robe
 f - a +2 hat of see invisible (worn)
 h - a scarf of spirit shield
 p - a +0 buckler
 C - the +0 robe of Exclusion (worn) {MP+9 Str+4}
   (You found it on level 1 of the Lair of Beasts)

   It affects your strength (+4).
   It affects your magic capacity (+9).
 H - a +1 buckler of fire resistance
 L - a +0 pair of boots of stealth (worn)
 N - a +2 cloak of fire resistance (worn)
 O - +0 fire dragon scales
Jewellery
 r - a ring of magical power (left hand)
 A - the amulet of Oguegozy (around neck) {RegenMP +Inv Str-2 Slay+6}
   (You found it on level 4 of the Dungeon)

   [amulet of magic regeneration]

   It increases your magic regeneration.
   It affects your strength (-2).
   It affects your accuracy and damage with ranged weapons and melee attacks
   (+6).
   It lets you turn invisible.
 I - a +1 ring of evasion
 J - a ring of protection from fire (right hand)
 R - an uncursed ring of see invisible {unknown}
 T - an uncursed ring of protection from magic {unknown}
 U - an uncursed ring of flight {unknown}
Wands
 u - a wand of paralysis (17)
 P - a wand of digging (6)
 Q - a wand of flame (24)
Scrolls
 e - 5 scrolls of identify
 g - 2 scrolls of immolation {unknown}
 i - 6 scrolls of fog {unknown}
 m - 5 scrolls of blinking {unknown}
 o - 2 scrolls of amnesia
 q - 4 scrolls of fear {unknown}
 w - 7 scrolls of teleportation
 x - 8 scrolls of remove curse {unknown}
 y - 3 scrolls of enchant armour {unknown}
 E - 5 scrolls of magic mapping {unknown}
 G - a scroll of enchant weapon {unknown}
 M - 2 scrolls of noise {unknown}
Potions
 a - 6 potions of flight {unknown}
 j - 4 potions of brilliance {unknown}
 k - 6 potions of haste {unknown}
 n - a potion of agility {unknown}
 s - 5 potions of degeneration {unknown}
 t - 5 potions of lignification {unknown}
 v - 4 potions of curing {unknown}
 z - 4 potions of mutation {unknown}
 B - 7 potions of heal wounds
 D - 3 potions of might {unknown}
 F - 4 potions of berserk rage {unknown}
 S - 2 potions of invisibility {unknown}
 V - a potion of ambrosia {unknown}
Comestibles
 d - 14 rations


   Skills:
 + Level 12.2 Fighting
 - Level 5.8(5.9) Axes
 - Level 1.7(4.0) Polearms
 - Level 1.5 Dodging
 - Level 2.1 Stealth
 - Level 3.5 Unarmed Combat
 - Level 8.0 Spellcasting
 - Level 8.9 Conjurations
   Level 0.7 Transmutations
 + Level 4.6 Fire Magic
 - Level 5.0 Ice Magic
 - Level 14.3 Earth Magic
 + Level 6.1 Evocations


You had one spell level left.
You knew the following spells:

 Your Spells              Type           Power        Failure   Level  Hunger
a - Sandblast             Erth           ######       1%          1    None
b - Stone Arrow           Conj/Erth      ######       1%          3    None
c - Lee's Rapid Deconstr  Erth           ######....   1%          5    #####..
d - Mephitic Cloud        Conj/Pois/Air  ###.....     2%          3    None
e - Conjure Flame         Conj/Fire      #####...     1%          3    None
f - Dazzling Spray        Conj/Hex       ####..       1%          3    None
g - Throw Icicle          Conj/Ice       #####...     1%          4    ###....
h - Fireball              Conj/Fire      #####.....   4%          5    #####..

Your spell library contained the following spells:

 Spells                   Type           Power        Failure   Level  Hunger
 Passwall                 Tmut/Erth      #####...     1%          2    None
 Petrify                  Tmut/Erth      #####...     3%          4    ###....
 Poisonous Vapours        Pois/Air       #.....       13%         2    None
 Freezing Cloud           Conj/Ice/Air   ####......   41%         6    ######.
 Ring of Flames           Chrm/Fire      ###.......   100%        7    #######


Dungeon Overview and Level Annotations

Branches:
Dungeon (9/15)             Temple (1/1) D:7            Lair (6/6) D:9
  Swamp (0/4) Lair:4        Snake (0/4) Lair:3        Slime (1/5) Lair:5
    Orc (0/2) D:9

Altars:
Ashenzari
Cheibriados
Dithmenos
Elyvilon
Fedhas
Gozag
Hepliaklqana
Kikubaaqudgha
Makhleb
Nemelex Xobeh
Okawaru
Qazlal
Ru
Sif Muna
Trog
Uskayaw
Vehumet
Wu Jian
Xom
Yredelemnul
Zin
The Shining One

Shops:
D:4 (   D:8 (


Innate Abilities, Weirdness & Mutations

You are resistant to torment.
Your stone body is resilient. (AC +9)
You are immune to poison.
You resist negative energy. (rN+)
You are resistant to electric shocks. (rElec)
You can survive without breathing.
You are immune to petrification.
You are immune to rotting.


Message History

The death yak gores you.
* * * LOW HITPOINT WARNING * * *
The death yak completely misses you.
You hit the fungus. You freeze the fungus.
The fungus is lightly damaged.
You hit the death yak but do no damage. The death yak gores you!
* * * LOW HITPOINT WARNING * * *
The death yak closely misses you. The death yak completely misses you.
The death yak gores you.
* * * LOW HITPOINT WARNING * * *
Casting: Stone Arrow (safe; 1% risk of failure)
Confirm with . or Enter, or press ? or * to list all spells.
Aiming: Stone Arrow (safe; 1% risk of failure)
Press: ? - help, Shift-Dir - straight line, f/p - death yak
Aim: a death yak The stone arrow hits the death yak!
The death yak is lightly wounded.
The death yak gores you!!
You die...

..................##....##
.......P.....P####.P...P#
............### #.P...##
.......####.# ##....#
.....#..# ### ###...P##
.#.#.#### ##......# ####.#
#....P#.# ### ###.#..####
## #.#.@.## .## ##..Y.##
..## ###P...#.# .#.#
###.#...#### ..#####
#.##...## .....P# ##.....#
.....######....##
........#P...P..#
.##............##


You could see a death yak.

Vanquished Creatures
  Gastronok (D:8)
  A stone giant (Volcano)
  Harold (D:8)
  2 catoblepae (Lair:6)
  A two-headed ogre (D:9)
  4 death yaks
  A fire crab (Lair:6)
  Nergalle (Lair:2)
  Pikel (D:6)
  A manticore (Lair:6)
  7 elephants
  Joseph (D:8)
  6 black mambas
  2 gargoyles (Volcano)
  9 spiny frogs
  7 komodo dragons
  An efreet (Volcano)
  2 rime drakes
  2 trolls
  A tyrant leech (Lair:4)
  4 blink frogs (Lair:6)
  8 hippogriffs
  5 dream sheep
  21 yaks
  3 basilisks
  2 wyverns
  A fire elemental (Volcano)
  4 fire bats (Volcano)
  A hungry ghost (D:8)
  18 water moccasins
  6 porcupines
  2 sky beasts
  2 orc warriors
  3 phantoms
  3 ogres
  A necrophage (D:7)
  13 wolves
  8 centaurs
  7 crocodiles
  15 bullfrogs
  A gnoll sergeant (D:8)
  2 earth elementals (Volcano)
  A water moccasin skeleton (D:4)
  3 scorpions
  3 killer bees
  3 wights (D:6)
  2 electric eels
  A howler monkey (D:6)
  A crimson imp (D:7)
  7 lava snakes (Volcano)
  2 bullfrog zombies
  7 hounds
  A bullfrog skeleton (D:6)
  5 jellies
  An orc priest (D:7)
  A centaur skeleton (D:5)
  6 orc wizards
  3 iguanas
  5 worker ants
  A hound zombie (D:6)
  2 hound skeletons
  14 gnolls
  5 river rats (Sewer)
  21 adders
  4 shadow imps
  9 oozes
  3 adder skeletons
  An adder zombie (D:7)
  4 worms
  A dart slug (D:2)
  9 leopard geckos
  20 orcs
  8 bats
  6 giant cockroaches
  15 goblins
  7 hobgoblins
  10 jackals
  3 quokkas
  12 ball pythons
  A ball python skeleton (D:4)
  4 frilled lizards
  2 jackal skeletons
  6 kobolds
  28 rats
  A plant (Lair:4)
431 creatures vanquished.

Vanquished Creatures (others)
  10 fungi
  6 plants (Lair:6)
16 creatures vanquished.

Grand Total: 447 creatures vanquished

Notes
Turn   | Place    | Note
-------+----------+-------------------------------------------
     0 | D:1      | Elric the Gargoyle Earth Elementalist began the quest for
                  | the Orb.
     0 | D:1      | Reached XP level 1. HP: 10/10 MP: 3/3
   172 | D:1      | Reached skill level 4 in Earth Magic
   172 | D:1      | Reached XP level 2. HP: 16/16 MP: 1/5
   348 | D:1      | Reached skill level 1 in Fighting
   594 | D:1      | Reached XP level 3. HP: 20/20 MP: 4/6
  1211 | D:1      | You fall into a shaft and drop 1 floor!
  1227 | D:2      | Reached XP level 4. HP: 26/26 MP: 7/7
  1347 | D:2      | Reached skill level 5 in Earth Magic
  1805 | D:2      | Learned a level 3 spell: Stone Arrow
  2086 | D:3      | Reached XP level 5. HP: 29/30 MP: 9/9
  2746 | D:4      | Found Diocaqa's Antique Weapon Shop.
  2756 | D:4      | Reached skill level 1 in Unarmed Combat
  2756 | D:4      | Reached skill level 1 in Conjurations
  2767 | D:4      | Noticed an ogre
  2786 | D:4      | Killed an ogre
  2786 | D:4      | Reached skill level 6 in Earth Magic
  2786 | D:4      | Reached XP level 6. HP: 26/36 MP: 5/10
  3001 | D:4      | Got a bound bone amulet
  3019 | D:4      | Noticed a phantom
  3043 | D:4      | Killed a phantom
  3098 | D:4      | Reached XP level 7. HP: 41/41 MP: 4/12
  3169 | D:4      | Learned a level 5 spell: Lee's Rapid Deconstruction
  3321 | D:5      | Entered Level 5 of the Dungeon
  3439 | D:5      | Reached skill level 7 in Earth Magic
  3664 | D:5      | Found a blossoming altar of Fedhas.
  3808 | D:5      | Found a glowing drain.
  3822 | Sewer    | Entered a sewer
  4252 | Sewer    | Reached XP level 8. HP: 48/48 MP: 13/13
  4695 | D:6      | Reached skill level 8 in Earth Magic
  5148 | D:6      | Noticed Pikel
  5160 | D:6      | Killed Pikel
  5160 | D:6      | Reached skill level 5 in Fighting
  5160 | D:6      | Reached skill level 9 in Earth Magic
  5160 | D:6      | Reached XP level 9. HP: 33/54 MP: 0/16
  5277 | D:6      | Identified the amulet of Oguegozy {RegenMP +Inv Str-2
                  | Slay+6} (You found it on level 4 of the Dungeon)
  5384 | D:6      | Reached skill level 5 in Spellcasting
  5813 | D:7      | Reached skill level 1 in Polearms
  5831 | D:7      | Reached skill level 5 in Conjurations
  6016 | D:7      | Found a staircase to the Ecumenical Temple.
  6086 | Temple   | Entered the Ecumenical Temple
  6341 | Temple   | Became a worshipper of Vehumet
  6485 | D:7      | Reached skill level 10 in Earth Magic
  7111 | D:8      | Reached skill level 1 in Axes
  7152 | D:8      | Reached * piety under Vehumet
  7152 | D:8      | Offered knowledge of Shock by Vehumet.
  7165 | D:8      | Noticed Joseph
  7179 | D:8      | Killed Joseph
  7179 | D:8      | Reached XP level 10. HP: 27/60 MP: 1/18
  7355 | D:8      | Found Haxam's Weapon Boutique.
  7483 | D:8      | Noticed Harold
  7787 | D:8      | Killed Harold
  7787 | D:8      | Reached skill level 11 in Earth Magic
  8038 | D:9      | Noticed Gastronok
  8053 | D:8      | Killed Gastronok
  8165 | D:9      | Found a staircase to the Orcish Mines.
  8165 | D:9      | Noticed a two-headed ogre
  8171 | D:9      | Reached XP level 11. HP: 24/67 MP: 16/20
  8185 | D:8      | Reached skill level 12 in Earth Magic
  8838 | D:9      | Found a staircase to the Lair.
  8897 | D:9      | Killed a two-headed ogre
  8897 | D:9      | Reached ** piety under Vehumet
  8897 | D:9      | Offered knowledge of Flame Tongue by Vehumet.
  8920 | D:9      | Learned a level 3 spell: Mephitic Cloud
  8930 | D:9      | Learned a level 3 spell: Conjure Flame
  9325 | Lair:1   | Entered Level 1 of the Lair of Beasts
  9340 | Lair:1   | Found a snail-covered altar of Cheibriados.
  9367 | Lair:1   | Got a distressingly furry robe
  9368 | Lair:1   | Identified the +0 robe of Exclusion {MP+9 Str+4} (You found
                  | it on level 1 of the Lair of Beasts)
  9898 | Lair:1   | Reached skill level 13 in Earth Magic
 10489 | Lair:2   | Noticed Nergalle
 10498 | Lair:2   | Killed Nergalle
 10643 | Lair:2   | Reached skill level 5 in Axes
 10923 | Lair:2   | Reached XP level 12. HP: 75/75 MP: 23/23
 11559 | Lair:3   | Found a staircase to the Snake Pit.
 11581 | Lair:3   | Offered knowledge of Dazzling Spray by Vehumet.
 11586 | Lair:3   | Learned a level 3 spell: Dazzling Spray
 11957 | Lair:3   | Reached *** piety under Vehumet
 11957 | Lair:3   | Reached skill level 14 in Earth Magic
 12115 | Lair:3   | Found a glowing silver altar of Zin.
 12729 | Lair:4   | Found a dark tunnel.
 12739 | Lair:4   | You fall into a shaft and drop 1 floor!
 12826 | Volcano  | Entered a volcano
 12851 | Volcano  | Offered knowledge of Throw Icicle by Vehumet.
 12861 | Volcano  | Learned a level 4 spell: Throw Icicle
 12910 | Volcano  | Reached skill level 1 in Ice Magic
 12942 | Volcano  | Noticed a stone giant
 12953 | Volcano  | Killed a stone giant
 12959 | Volcano  | Reached skill level 10 in Fighting
 13138 | Volcano  | Found a radiant altar of Vehumet.
 13241 | Volcano  | Found a radiant altar of Vehumet.
 13639 | Lair:4   | Reached skill level 1 in Evocations
 13858 | Lair:4   | Found a staircase to the Swamp.
 14314 | Lair:5   | Found a staircase to the Slime Pits.
 14399 | Lair:5   | Reached XP level 13. HP: 82/83 MP: 25/25
 14897 | Slime:1  | Entered Level 1 of the Pits of Slime
 14897 | Slime:1  | Noticed an acid blob
 14932 | Lair:6   | Entered Level 6 of the Lair of Beasts
 15210 | Lair:6   | Reached skill level 5 in Ice Magic
 15524 | Lair:5   | Reached **** piety under Vehumet
 15735 | Lair:6   | Offered knowledge of Fireball by Vehumet.
 15745 | Lair:6   | Learned a level 5 spell: Fireball
 16078 | Lair:6   | Reached skill level 1 in Fire Magic
 16222 | Lair:6   | Reached skill level 5 in Evocations
 17165 | Lair:6   | Upgraded the game from 0.24-a0-484-g962a3eeff7 to
                  | 0.24-a0-487-g57318f2ed0
 17668 | Lair:5   | Slain by a death yak

Levels and vault maps discovered:
D:1:      doesnt_arrival_eight_statues, layout_basic, st_stairs_3
D:2:      layout_rooms
D:3:      minmay_door_path, layout_loops_ring, first_ration
D:4:      layout_rooms, serial_shops, shop
D:5:      layout_rooms, lemuel_crystal_altar, serial_curves, eino_curves_01,
          eino_curves_02, cheibrodos_sewer_entry_bend
D:6:      layout_basic, dk_noncrumbling_2, grunt_ministairs_6, uniq_pikel
D:7:      layout_loops_corners, minmay_temple_entry_crystal_x,
          minmay_misc_feat_nine_boxes
D:8:      layout_loops_cross, serial_shops, nicolae_shop_trees,
          hangedman_little_slice_of_home, uniq_harold, uniq_joseph
D:9:      layout_cave_pools, erik_lair_island, orc_0_dummy, uniq_gastronok
Temple:   nicolae_temple_the_god_donut
Lair:1:   layout_gridlike, basic_altar, wad_woods_river_01, lemuel_fruit_tree
Lair:2:   layout_cave_pods, uniq_nergalle
Lair:3:   layout_hall_layers, minmay_snake_entry_six_corridors,
          lemuel_centaur_altar
Lair:4:   layout_loops_ring, minmay_swamp_entry_worms,
          nicolae_volcano_entry_hallway, serial_bayou_crossing
Lair:5:   layout_cave_pods, dpeg_slime_entry_corner
Lair:6:   evilmike_catoblepas_cave, layout_layer_cave
Slime:1:  layout_caves

Skill      XL: |  1  2  3  4  5  6  7  8  9 10 11 12 13 |
---------------+----------------------------------------+-----
Earth Magic    | 4 5 6 7 9 10 11 13 14 | 14.3
Fighting       | 1 2 3 5 6 7 8 10 12 | 12.2
Unarmed Combat | 1 2 3 |  3.5
Spellcasting   | 3 4 5 6 7 8 |  8.0
Conjurations   | 1 2 3 4 5 6 8 |  8.9
Polearms       | 1 |  1.7
Axes           | 1 3 5 |  5.8
Ice Magic      | 4 5 |  5.0
Evocations     | 1 6 |  6.1
Fire Magic     | 4 |  4.6
Dodging        | |  1.5
Stealth        | |  2.1
Transmutations | |  0.7

Action                   |  1- 3 |  4- 6 |  7- 9 | 10-12 | 13-15 || total
-------------------------+-------+-------+-------+-------+-------++-------
Melee: Unarmed           |    11 |       |       |       |       ||    11
       Spear             |    21 |       |       |       |       ||    21
       Halberd           |    22 |   103 |    94 |       |       ||   219
       Battleaxe         |       |       |    31 |   169 |    47 ||   247
 Cast: Sandblast         |    32 |    48 |   104 |    90 |    33 ||   307
       Stone Arrow       |       |     8 |    56 |   158 |   103 ||   325
       Lee's Rapid Decon |       |       |     2 |    15 |    31 ||    48
       Conjure Flame     |       |       |       |     2 |     2 ||     4
       Dazzling Spray    |       |       |       |       |     4 ||     4
       Throw Icicle      |       |       |       |       |     2 ||     2
  Use: Scroll            |       |     2 |     5 |     1 |     1 ||     9
       Potion            |       |       |       |       |     1 ||     1
 Stab: Sleeping          |       |     1 |     9 |     8 |       ||    18
       Distracted        |       |     1 |     1 |       |       ||     2
  Eat: Chunk             |     1 |     7 |    14 |    18 |     8 ||    48
       Ration            |       |       |     1 |     3 |     4 ||     8
Armor: Robe              |    13 |    47 |    91 |   168 |    92 ||   411
       Fire dragon scale |       |       |       |    37 |       ||    37
Dodge: Dodged            |    45 |   103 |   116 |   284 |   104 ||   652

Table legend:
 A = Non-vault XP
 B = Vault XP
 C = Vault XP percentage of total XP
 D = Non-vault monster count
 E = Vault monster count
 F = Vault count percentage of total count
                 A         B        C        D         E       F
            +---------+---------+-------+---------+---------+-------
      Total |   31629 |   21993 |  41.0 |     298 |     132 |  30.7
            +---------+---------+-------+---------+---------+-------
        D:1 |      68 |       3 |   4.2 |      30 |       2 |   6.2
        D:2 |      51 |       0 |   0.0 |      20 |       0 |   0.0
        D:3 |      93 |       4 |   4.1 |      20 |       2 |   9.1
        D:4 |     504 |       0 |   0.0 |      14 |       0 |   0.0
        D:5 |     276 |      10 |   3.5 |      16 |       2 |  11.1
        D:6 |     950 |     641 |  40.3 |      25 |       1 |   3.8
        D:7 |     877 |       0 |   0.0 |      21 |       0 |   0.0
        D:8 |    1250 |    4355 |  77.7 |      24 |      12 |  33.3
        D:9 |    3173 |     604 |  16.0 |      27 |       7 |  20.6
     Lair:1 |    1531 |    1443 |  48.5 |       9 |       4 |  30.8
     Lair:2 |    2080 |     777 |  27.2 |      11 |       1 |   8.3
     Lair:3 |    4732 |    1415 |  23.0 |      17 |      17 |  50.0
     Lair:4 |    1188 |     297 |  20.0 |      10 |       1 |   9.1
     Lair:5 |    3436 |    1783 |  34.2 |      15 |       2 |  11.8
     Lair:6 |   11420 |    6189 |  35.1 |      39 |      15 |  27.8
      Sewer |       0 |     379 | 100.0 |       0 |      48 | 100.0
    Volcano |       0 |    4093 | 100.0 |       0 |      18 | 100.0
            +---------+---------+-------+---------+---------+-------
